AoeStats
← OmarGutieG

Arabia

509716727Analyzed
2v2 RM · 3d ago on Sep 27, 2026· 61m 18s· 4 players
Game mode
Random Map
Map size
Medium (4 player)
Population
200
Speed
Normal
Resources
Standard
Victory
Conquest
Starting age
Dark Age
Ending age
Imperial Age
RankedLock teamsTeams togetherTeam positionsShared explorationLock speedFull tech treeHidden civsTurbo modeCheats
Victory
Defeat
🇪🇸 Magyars · Spain
1356
+16
🇪🇸 Vietnamese · Spain
1276
+18
🇲🇽 Magyars · Mexico
1347
-17
🇲🇽 Ethiopians · Mexico
1339
-17
Ux'Tycho0201
5:14 Loom
8:36 Feudal Age
14:34 Scale Barding Armor
19:51 Horse Collar
21:47 Bloodlines
21:40 Double-Bit Axe
24:02 Wheelbarrow
26:41 Castle Age
28:06 Chain Barding Armor
29:03 Husbandry
30:04 Heavy Plow
29:57 Gold Mining
35:10 Bow Saw
34:54 Town Watch
39:54 Fletching
47:07 Imperial Age
45:50 Ballistics
47:25 Gold Shaft Mining
47:31 Masonry
47:02 Treadmill Crane
47:15 Cavalier
48:41 Plate Barding Armor
48:35 Conscription
53:59 Bodkin Arrow
53:53 Light Cavalry
57:47 Hussar
60:31 Conscription
ruizcanela
7:45 Loom
10:55 Feudal Age
12:04 Double-Bit Axe
15:12 Fletching
22:22 Castle Age
20:45 Padded Archer Armor
22:25 Crossbowman
23:31 Bodkin Arrow
26:28 Leather Archer Armor
37:10 Wheelbarrow
38:23 Elite Skirmisher
39:51 Ballistics
39:57 Hand Cart
40:00 Bow Saw
40:11 Gold Mining
40:31 Thumb Ring
44:52 Imperial Age
44:54 Imperial Skirmisher
45:35 Bracer
47:32 Chemistry
47:51 Ring Archer Armor
48:30 Two-Man Saw
51:13 Town Watch
51:37 Arbalester
56:46 Paper Money
56:29 Elite Rattan Archer
armigame1
6:13 Loom
9:21 Feudal Age
20:32 Scale Barding Armor
24:31 Castle Age
22:32 Double-Bit Axe
22:29 Horse Collar
22:42 Gold Mining
23:10 Bloodlines
25:44 Chain Barding Armor
44:04 Bow Saw
44:03 Husbandry
44:07 Corvinian Army
48:05 Gold Shaft Mining
50:01 Wheelbarrow
51:57 Imperial Age
49:13 Town Watch
51:29 Light Cavalry
52:15 Cavalier
52:16 Hussar
56:00 Plate Barding Armor
OmarGutieG
6:51 Loom
9:25 Feudal Age
15:53 Fletching
20:47 Padded Archer Armor
23:37 Castle Age
24:00 Crossbowman
24:37 Bodkin Arrow
24:31 Double-Bit Axe
25:43 Gold Mining
27:44 Leather Archer Armor
30:07 Bow Saw
32:07 Ballistics
33:55 Wheelbarrow
33:39 Town Watch
34:58 Horse Collar
37:11 Hand Cart
38:58 Thumb Ring
39:01 Town Patrol
39:29 Scale Mail Armor
39:40 Forging
40:56 Chain Mail Armor
43:41 Imperial Age
44:01 Arbalester
45:29 Bracer
47:25 Halberdier
55:14 Squires
59:59 Conscription
Connection lost

Rejoining the realm…

Still unreachable

The connection could not be restored.

Session expired

The server has moved on; the page needs a fresh start.